 Dungeon Crawl Stone Soup version 0.24.0 (webtiles) character file.

Game seed: 3396743634383744319, levelgen mode: deterministic

61 Buxparty the Covered (level 4, -3/29 HPs)
             Began as a Gargoyle Fighter on Mar 21, 2020.
             Slain by Natasha (4 damage)
             ... on level 2 of the Dungeon.
             The game lasted 00:02:53 (1031 turns).

Buxparty the Covered (Gargoyle Fighter)             Turns: 1031, Time: 00:02:53

Health: -3/29      AC: 10    Str: 20    XL:     4   Next: 7%
Magic:  4/4        EV:  7    Int:  9    God:
Gold:   96         SH:  9    Dex:  9    Spells: 3/3 levels left

rFire    . . .     SeeInvis .   a - +0 long sword
rCold    . . .     Gourm    .   c - +0 shield
rNeg     + . .     Faith    .   b - +0 scale mail
rPois    ∞         Spirit   .   (no helmet)
rElec    +         Reflect  .   (no cloak)
rCorr    .         Harm     .   (no gloves)
MR       .....                  (no boots)
Stlth    ..........             (no amulet)
HPRegen  0.09/turn              (no ring)
MPRegen  0.09/turn              (no ring)

@: slowed, very slow
A: negative energy resistance 1, electricity resistance, unbreathing,
petrification resistance, rot immunity, AC +3
a: no special abilities


You were on level 2 of the Dungeon.
You were not hungry.

You visited 1 branch of the dungeon, and saw 2 of its levels.

You collected 96 gold pieces.

Inventory:

Hand Weapons
 a - a +0 long sword (weapon)
Armour
 b - a +0 scale mail (worn)
 c - a +0 shield (worn)
Scrolls
 i - 2 scrolls of remove curse
 j - a scroll of teleportation
Potions
 d - a potion of might
 e - 2 potions of brilliance {unknown}
 g - a potion of curing {unknown}
 h - 3 potions of magic {unknown}
 k - a potion of cancellation {unknown}
Comestibles
 f - 4 rations
 l - a chunk of flesh


   Skills:
 + Level 3.8 Fighting
 * Level 3.0 Long Blades
 + Level 3.9 Armour
 - Level 3.2 Shields


You had 3 spell levels left.
You didn't know any spells.
Your spell library was empty.

Dungeon Overview and Level Annotations

Branches:
Dungeon (2/15)

Altars:

Annotations:
D:2 Natasha, Sigmund


Innate Abilities, Weirdness & Mutations

You are resistant to torment.
Your stone body is resilient. (AC +3)
You are immune to poison.
You resist negative energy. (rN+)
You are resistant to electric shocks. (rElec)
You can survive without breathing.
You are immune to petrification.
You are immune to rotting.


Message History

Natasha claws you.
* * * LOW HITPOINT WARNING * * *
Natasha claws you but does no damage. Natasha claws you but does no damage.
Natasha claws you.
* * * LOW HITPOINT WARNING * * *
Natasha mumbles some strange words.
Natasha wildly gestures.
Natasha glows brightly for a moment.
Natasha casts a spell at you. You resist with some effort.
The iron imp grinds its teeth.
You block Natasha's attack. Something hits you.
* * * LOW HITPOINT WARNING * * *
Sigmund appears from thin air!
Reactivating autopickup.
You block Natasha's attack. Natasha claws you.
You die...

#......... ..#..............#.##
#.......###....#..........#.#...
#.......................###...#.
#.......................# ##....
#..)....................# #..##
#.....#...#.......###.######.##
##(.†.####.(.# #..###).......#
#...#........# ###..5..########
(...#.####..####@h@...........#
......####..#....###.........)###
...#####...#..#### ###...†.......
.........#...#########>†.........
..#.#..##...........##........###
#..<....)...........#.........#
..#...#####.).........#..........
#...#...####........†###....§####
..#...#..# #.........# #.(..§§^.


You could see Sigmund, an iron imp and Natasha.

Vanquished Creatures
  An adder (D:2)
  A worm (D:2)
  A dart slug (D:2)
  3 leopard geckos
  A giant cockroach (D:2)
  6 hobgoblins
  2 ball pythons
  8 bats
  6 frilled lizards
  9 goblins
  3 kobolds
  6 rats
47 creatures vanquished.

Notes
Turn   | Place    | Note
-------+----------+-------------------------------------------
     0 | D:1      | Buxparty the Gargoyle Fighter began the quest for the Orb.
     0 | D:1      | Reached XP level 1. HP: 14/14 MP: 1/1
    76 | D:1      | Reached XP level 2. HP: 19/19 MP: 2/2
   370 | D:1      | Reached XP level 3. HP: 23/23 MP: 3/3
   954 | D:2      | Reached XP level 4. HP: 29/29 MP: 4/4
   985 | D:2      | Noticed Sigmund
   992 | D:2      | Noticed Natasha
  1029 | D:2      | HP: 1/29 [something (3)]
  1031 | D:2      | Slain by Natasha

Levels and vault maps discovered:
D:1:      lemuel_arrival_funnel, layout_basic, chequers_decorated_corner,
          hangedman_feature_mirror
D:2:      layout_rooms, grunt_qazlal_sundering, minivault_5, hex_medium,
          uniq_sigmund, uniq_natasha
